 Dungeon Crawl Stone Soup version 0.31-a0-836-g3ceb0a68c4 (webtiles) character file.

Game seed: 15842695880719484873

566670 KimchiStew the Merry Gargoyle (level 26, -22/168 HPs)
             Began as a Gargoyle Hunter on Sept 26, 2023.
             Was an Elder of Cheibriados.
             Killed from afar by Sinonul the pandemonium lord (67 damage)
             ... with an arc of chain lightning
             ... on level 2 of the Dungeon.
             The game lasted 02:03:25 (65114 turns).

KimchiStew the Merry Gargoyle (Gargoyle Hunter)    Turns: 65114, Time: 02:03:26

Health: -22/168    AC: 42    Str: 34    XL:     26   Next: 82%
Magic:  0/35       EV: 27    Int: 20    God:    Cheibriados [****..]
Gold:   3918       SH: 40    Dex: 36    Spells: 35/42 levels left

rFire   + + +        s - +9 hand cannon (elec)
rCold   + . .        u - +6 tower shield {AC+3}
rNeg    + . .        l - +1 leather armour "Qickacaz" {rC+ Str+5}
rPois   ∞            i - +2 helmet
rElec   +            A - +2 cloak {rCorr}
rCorr   +            g - +1 pair of gloves "Cousch" {rF++}
SInv    +            j - +2 pair of boots of Aqizus {rF+ Str+2}
Will    ++++.        C - brooch of Shielding {Spirit SH+8}
Stlth   ++           b - ring "Exzot" {Will+ SInv}
HPRegen 0.48/turn    m - ring "Ahyg" {Will+ Dex+6}
MPRegen 0.24/turn

%: random rage (3%), guardian spirit
@: about to teleport, flying, studying Earth Magic, very slow
A: sickness immunity, AC +20, big wings, negative energy resistance 1,
electricity resistance, torment resistance 1, petrification resistance, berserk
1, strong-willed 1
0: Orb of Zot
}: 3/15 runes: decaying, silver, gossamer
a: Renounce Religion, Bend Time, Temporal Distortion, Slouch


You were on level 2 of the Dungeon.
You worshipped Cheibriados.
Cheibriados was greatly pleased with you.
You visited 10 branches of the dungeon, and saw 48 of its levels.
You visited 2 bazaars.
You also visited: Bailey, Gauntlet, Ice Cave and Wizlab.

You collected 8263 gold pieces.
You spent 4345 gold pieces at shops.

Inventory:

Hand Weapons
 s - a +9 hand cannon of electrocution (weapon)
 R - a +3 vampiric eveningstar
 X - a +3 heavy hand cannon
Missiles
 e - 4 curare-tipped darts
 t - a throwing net
 y - 20 javelins
Armour
 g - the +1 pair of gloves "Cousch" (worn) {rF++}
   (You found it in a Gauntlet)

   rF++:      It greatly protects you from fire.
 i - a +2 helmet (worn)
 j - the +2 pair of boots of Aqizus (worn) {rF+ Str+2}
   (You found it on level 1 of the Swamp)

   Str+2:     It affects your strength (+2).
   rF+:       It protects you from fire.
 l - the +1 leather armour "Qickacaz" (worn) {rC+ Str+5}
   (You bought it in a shop on level 2 of the Orcish Mines)

   Str+5:     It affects your strength (+5).
   rC+:       It protects you from cold.
 u - a +6 tower shield of protection (worn)
 A - a +2 cloak of preservation (worn)
Jewellery
 b - the ring "Exzot" (left hand) {Will+ SInv}
   (You bought it in a shop in a bazaar)

   [ring of see invisible]

   Will+:     It increases your willpower.
   SInv:      It lets you see invisible.
 m - the ring "Ahyg" (right hand) {Will+ Dex+6}
   (You found it on level 1 of the Swamp)

   [ring of dexterity]

   Dex+6:     It affects your dexterity (+6).
   Will+:     It increases your willpower.
 C - the brooch of Shielding (around neck) {Spirit SH+8}
   (You found it in a Gauntlet)

   [amulet of guardian spirit]

   Spirit:    It causes incoming damage to be divided between your reserves of
   health and magic.
   SH+8:      It affects your SH (+8).
 F - the ring "Leevvy" {Drain rF+ AC+4 Str+3}
   (You found it in a wizard's laboratory)

   [ring of protection]

   AC+4:      It affects your AC (+4).
   Str+3:     It affects your strength (+3).
   rF+:       It protects you from fire.
   Drain:     It drains your maximum health when unequipped.
 T - the ring "Aluu" {rF+ rC+ Will- MP+9 Str+4}
   (You found it on level 15 of the Dungeon)

   [ring of protection from cold]

   Str+4:     It affects your strength (+4).
   rF+:       It protects you from fire.
   rC+:       It protects you from cold.
   Will-:     It decreases your willpower.
   MP+9:      It affects your magic capacity (+9).
Wands
 c - a wand of roots (60)
 v - a wand of mindburst (52)
 I - a wand of flame (70)
 K - a wand of digging (8)
 N - a wand of polymorph (6)
 V - a wand of acid (24)
 W - a wand of paralysis (33)
Scrolls
 k - 8 scrolls of fog
 n - a scroll of brand weapon
 p - 10 scrolls of teleportation
 r - 10 scrolls of poison
 w - 9 scrolls of immolation
 z - 5 scrolls of fear
 L - 6 scrolls of vulnerability
 M - a scroll of revelation
 Q - 2 scrolls of silence
 Y - 2 scrolls of torment
Potions
 a - 2 potions of attraction
 d - 9 potions of ambrosia
 h - 7 potions of curing
 o - 9 potions of enlightenment
 x - 2 potions of invisibility
 B - a potion of mutation
 D - 7 potions of resistance
 J - 4 potions of might
 P - a potion of cancellation
 U - a potion of lignification
 Z - 5 potions of brilliance
Miscellaneous
 E - a phial of floods
 G - a phantom mirror (inert)
 H - a sack of spiders (inert)


   Skills:
 - Level 18.0 Fighting
 - Level 1.0(1.9) Short Blades
 - Level 2.5(2.6) Long Blades
 - Level 12.0(14.3) Axes
 - Level 13.9(16.1) Maces & Flails
 - Level 2.9(9.5) Staves
 O Level 27 Ranged Weapons
 - Level 3.0 Throwing
 + Level 15.7 Armour
 + Level 12.1 Dodging
 - Level 10.0 Stealth
 - Level 18.0 Shields
 + Level 8.9 Spellcasting
 + Level 8.0 Necromancy
 - Level 4.0 Transmutations
 - Level 12.0 Earth Magic
 - Level 12.0 Invocations
 - Level 5.0 Evocations


You had 35 spell levels left.
You knew the following spells:

 Your Spells              Type           Power      Damage    Failure   Level
a - Passwall              Tmut/Erth      33%        N/A       1%          2
b - Borgnjor's Vile Clut  Necr/Erth      24%        N/A       6%          5

Your spell library contained the following spells:

 Spells                   Type           Power      Damage    Failure   Level
 Necrotise                Necr           100%       1d9       1%          1
 Sandblast                Erth           100%       2d20      1%          1
 Vampiric Draining        Necr           41%        2d8       1%          3
 Lee's Rapid Deconstruct  Erth           27%        3d14*     2%          5
 Stone Arrow              Conj/Erth      64%        3d11      3%          3
 Wereblood                Tmut           24%        N/A       4%          2
 Animate Dead             Necr           41%        N/A       4%          4
 Petrify                  Tmut/Erth      40%        N/A       4%          4
 Animate Armour           Summ/Erth      64%        N/A       12%         4
 Brom's Barrelling Bould  Conj/Erth      32%        2d5       12%         4
 Freeze                   Ice            32%        1d5       14%         1
 Shock                    Conj/Air       32%        1d5       14%         1
 Slow                     Hex            32%        N/A       14%         1
 Summon Small Mammal      Summ           32%        N/A       14%         1
 Call Imp                 Summ           16%        N/A       21%         2
 Ensorcelled Hibernation  Hex/Ice        16%        N/A       21%         2
 Static Discharge         Conj/Air       16%        2-3/arc   21%         2
 Call Canine Familiar     Summ           8%         N/A       38%         3
 Confusing Touch          Hex            8%         N/A       38%         3
 Frozen Ramparts          Ice            16%        1d3       38%         3
 Hailstorm                Conj/Ice       8%         3d4       38%         3
 Inner Flame              Hex/Fire       8%         N/A       38%         3
 Ozocubu's Armour         Ice            8%         N/A       38%         3
 Sigil of Binding         Hex            8%         N/A       38%         3
 Summon Guardian Golem    Hex/Summ       8%         N/A       38%         3
 Death Channel            Necr           20%        N/A       58%         6
 Airstrike                Air            4%         2d(1-17)  80%         4
 Flame Wave               Conj/Fire      8%         2d5       80%         4
 Manifold Assault         Tloc           8%         N/A       80%         4
 Olgreb's Toxic Radiance  Pois           8%         N/A       80%         4
 Sticky Flame             Conj/Fire      8%         2d3       80%         4
 Summon Ice Beast         Ice/Summ       8%         N/A       80%         4
 Summon Lightning Spire   Summ/Air       8%         N/A       80%         4
 Alistair's Intoxication  Tmut/Pois      10%        N/A       86%         5
 Fireball                 Conj/Fire      4%         3d4       98%         5
 Iskenderun's Battlesphe  Conj           8%         2d6       98%         5
 Metabolic Englaciation   Hex/Ice        4%         N/A       98%         5
 Summon Forest            Summ/Tloc      4%         N/A       98%         5
 Summon Mana Viper        Hex/Summ       8%         N/A       98%         5
 Simulacrum               Ice/Necr       12%        N/A       99%         6
 Conjure Ball Lightning   Conj/Air       4%         3x3d6     100%        6
 Dispersal                Tloc           4%         N/A       100%        6
 Eringya's Noxious Bog    Tmut/Pois      8%         4d6       100%        6
 Plasma Beam              Fire/Air       4%         2x1d14    100%        6
 Summon Cactus Giant      Summ           4%         N/A       100%        6
 Haunt                    Necr/Summ      12%        N/A       100%        7
 Malign Gateway           Summ/Tloc      4%         N/A       100%        7
 Monstrous Menagerie      Summ           4%         N/A       100%        7
 Orb of Destruction       Conj           4%         9d5       100%        7
 Spellforged Servitor     Conj/Summ      4%         N/A       100%        7
 Summon Hydra             Summ           4%         N/A       100%        7
 Discord                  Hex            4%         N/A       100%        8
 Disjunction              Tloc           4%         N/A       100%        8
 Ignition                 Fire           4%         3d4       100%        8
 Infestation              Necr           20%        N/A       100%        8
 Summon Horrible Things   Summ           4%         N/A       100%        8
 Sublimation of Blood     Necr           Unusable   N/A       N/A         2
 Cigotuvi's Dreadful Rot  Necr/Pois/Air  Unusable   N/A       N/A         2

Dungeon Overview and Level Annotations

Branches:
Dungeon (15/15)            Temple (1/1) D:5            Lair (5/5) D:10
  Swamp (4/4) Lair:2       Spider (4/4) Lair:3        Slime (0/5) Lair:4
    Orc (2/2) D:9             Elf (3/3) Orc:2        Vaults (5/5) D:13
  Crypt (0/3) Vaults:2     Depths (4/4) D:15            Zot (5/5) Depths:4
 Bailey (visited)           IceCv (visited)          WizLab (visited)
Gauntlet (visited)

Altars:
Ashenzari
Cheibriados
Dithmenos
Elyvilon
Fedhas
Gozag
Hepliaklqana
Kikubaaqudgha
Makhleb
Nemelex Xobeh
Okawaru
Qazlal
Ru
Sif Muna
Trog
Uskayaw
Vehumet
Wu Jian
Xom
Yredelemnul
Zin
The Shining One
Jiyva

Shops:
Orc:2 ::**   Elf:2 *   Depths:1 [

Portals:
Hell: Depths:1 Depths:2 Depths:3 Depths:4
Abyss: Depths:1 Depths:2 Depths:3
Pandemonium: Depths:1 Depths:2 Depths:4
Ziggurat: Depths:2

Annotations:
D:4 1 exclusion
D:5 3 runed translucent doors, DEFE's ghost, amateur TrSh; NigelTetley's ghost, amateur DgHu; Notanamesir's ghost, novice OpSh; semitonal's ghost, novice AtMo
D:7 Jeremiah
D:8 2 transporters, exclusions: orange demon and 1 more exclusion
Lair:5 1 runed translucent door
Swamp:3 3 runed translucent doors, eyesofgods1's ghost, adept DjCj
Spider:2 3 runed translucent doors, Vorhees's ghost, adept KoHu
Elf:3 8 runed translucent doors
Vaults:2 1 runed translucent door
Depths:1 3 runed translucent doors
Zot:5 exclusion: upstairs


Innate Abilities, Weirdness & Mutations

You are immune to sickness and miasma.
Your stone body is resilient. (AC +20)
You are immune to poison.
Your large and strong wings let you fly.
You resist negative energy. (rN+)
You are resistant to electric shocks. (rElec)
You are resistant to unholy torment.
You are immune to petrification.
You sometimes lose your temper in combat.
You are strong-willed. (Will+)


Message History

Sinonul gestures.
Lightning arcs from Sinonul's claws!
The bolt of lightning hits you!! You resist.
* * * LOW HITPOINT WARNING * * *
A bolt of lightning appears from out of thin air!
The bolt of lightning hits Sinonul!
Sinonul gestures.
Lightning arcs from Sinonul's claws!
The bolt of lightning hits you!! You resist.
* * * LOW HITPOINT WARNING * * *
A bolt of lightning appears from out of thin air!
The bolt of lightning hits Sinonul.
Unknown command.
You take 21 damage, and have 18/168 hp.
Unknown command.
Unknown command.
Unknown command.
As you read the scroll of fog, it dissolves into smoke.
Unknown command.
Unknown command.
Unknown command.
Unknown command.
Unknown command.
Unknown command.
You feel better. You block Sinonul's attack.
You feel better. Sinonul gestures at you. You block the iron shot.
An Orb Guardian comes into view.
Unknown command.
You feel better. Sinonul gestures at you. You block the iron shot.
Sinonul gestures.
Lightning arcs from Sinonul's claws!
The bolt of lightning hits you!!! You resist.
You die...

## ##.......## ##.#...# #...
.####.........####....#.########.
....'..................[.........
.####.........####...##.########.
## ##........#####..#.#.## ## #
##.....#.##......###.# ####
##...##.##§###.#.#.## #...
##'###.##§# #.##.## #.##
#.&....#@###.#### #.#
#..##§X&§§§..# #.# #
#####..###§#§##### #)# #
#.......##§#.# #.#
#####.#........#.# #.##
......##.....###.# #...
#########[.......# #### #
#>...##### # #.####


You could see Sinonul and an Orb Guardian.

Vanquished Creatures
  Tiamat (Zot:4)
  3 dread liches (Vaults:5)
  An ancient lich (Zot:5)
  6 orbs of fire
  8 Killer Klowns
  the Lernaean hydra (Swamp:4)
  Bai Suzhen (Swamp:4)
  A caustic shrike (Depths:2)
  2 curse toes
  2 golden dragons (Zot:1)
  A Hellbinder (WizLab)
  Arachne (Spider:4)
  A Tzitzimitl (D:8)
  3 doom hounds
  3 bone dragons
  4 electric golems
  Rupert (D:12)
  18 tentacled monstrosities
  7 titans
  A deep elf blademaster (Elf:3)
  26 Orb Guardians
  3 walking crystal tomes
  Asterion (Elf:3)
  3 walking frostbound tomes
  3 liches
  Grunn (Zot:2)
  2 quicksilver dragons (Zot:2)
  8 sphinxes
  2 thorn hunters (Swamp:2)
  5 death cobs
  10 storm dragons
  Donald (Elf:3)
  6 tengu reavers
  Kirke (Lair:5)
  Aizul (Swamp:2)
  A fenstrider witch (Swamp:3)
  2 draconian knights (Zot:4)
  7 shadow dragons
  2 draconian monks (Zot:2)
  16 fire giants
  10 deep elf sorcerers
  13 frost giants
  6 ghost moths
  5 iron dragons
  A balrug (WizLab)
  Louise (Spider:4)
  3 draconian scorchers
  7 vault wardens
  3 emperor scorpions
  2 ghouls (Swamp:4)
  2 deep elf elementalists (Elf:3)
  A cacodemon (D:8)
  6 broodmothers
  4 draconian annihilators
  15 very ugly things
  2 spriggan defenders
  5 war gargoyles
  A reaper (Depths:4)
  16 ironbound preservers
  An angel (Depths:1)
  A demonspawn blood saint (WizLab)
  The ghost of Ciotsan the Gelid, an adept FeIE of Vehumet (Vaults:2)
  13 stone giants
  8 ironbound thunderhulks
  5 deep elf demonologists
  3 eleionomae
  5 white draconians
  6 green draconians
  A vampire knight (Depths:2)
  7 yellow draconians
  2 lorocyprocas (WizLab)
  9 red draconians
  Azrael (Elf:1)
  4 black draconians
  5 spark wasps
  10 dire elephants
  7 purple draconians
  9 deep elf annihilators
  4 bunyips
  6 deep elf death magi
  12 ettins
  2 blizzard demons (WizLab)
  4 crystal guardians (Elf:3)
  4 entropy weavers
  3 jiangshi (Depths:3)
  9 fire dragons
  8 deep elf high priests
  17 hydras
  3 rakshasas
  Erolcha (D:9)
  7 great orbs of eyes
  21 yaktaur captains
  Harold (Lair:2)
  3 hell beasts
  10 spriggan air magi
  28 vault guards
  7 ice dragons
  2 peacekeepers (Vaults:4)
  11 alligators
  5 radroaches
  5 ironbound frosthearts
  7 ogre magi
  2 jorogumos
  Erica (D:11)
  21 centaur warriors
  2 boulder beetles
  A ghost crab (Swamp:3)
  7 deep troll shamans
  7 tengu warriors
  17 two-headed ogres
  10 death yaks
  5 deep troll earth magi
  3 demonic crawlers
  Urug (D:13)
  20 dancing weapons
  An orc high priest (Orc:2)
  5 spriggan berserkers
  4 soul eaters
  2 vampire magi
  4 hell knights
  4 sun demons (WizLab)
  A skeletal warrior (D:12)
  A sixfirhy (Depths:4)
  2 skysharks
  4 sun moths
  20 deep elf knights
  8 pharaoh ants
  3 iron trolls
  A cherub (D:11)
  2 goliath frogs (Swamp:1)
  7 spriggan druids
  A fire crab (Gauntlet)
  4 orb spiders
  2 flayed ghosts (Depths:2)
  A death drake (Gauntlet)
  13 swamp dragons
  14 bog bodies
  4 glowing orange brains
  38 deep trolls
  13 deep elf archers
  3 shadow demons (WizLab)
  7 steelbarb worms
  5 necromancers
  16 lindwurms
  8 wizards
  17 ironbound convokers
  4 phantasmal warriors (Vaults:5)
  31 deep elf zephyrmancers
  26 deep elf pyromancers
  24 wolf spiders
  2 orc sorcerers
  A wolf spider (shapeshifter) (Vaults:5)
  4 orc knights
  2 will-o-the-wisps (Swamp:1)
  An oklob plant (Lair:4)
  5 elephants (Lair:3)
  8 cyclopes
  46 ugly things
  4 manticores
  A spectral centaur (Gauntlet)
  A centaur zombie (Gauntlet)
  11 vault sentinels
  A guardian serpent (Lair:5)
  An ice statue (Depths:4)
  A rust devil (Zot:2)
  Maurice (D:9)
  16 moths of wrath
  4 orange demons
  9 black mambas
  A molten gargoyle (D:12)
  2 gargoyles
  12 torpor snails
  15 cane toads
  A smoke demon (Gauntlet)
  An unseen horror (D:13)
  2 kobold demonologists (D:12)
  31 yaktaurs
  2 minotaur zombies (Gauntlet)
  5 tormentors
  13 komodo dragons
  A hellion (WizLab)
  3 ice devils (WizLab)
  A freezing wraith (Vaults:5)
  4 rime drakes
  4 tengu conjurers
  A guardian mummy (Zot:1)
  A red devil (D:8)
  8 polar bears
  31 hornets
  2 hellwings (WizLab)
  11 tyrant leeches
  A wind drake (shapeshifter) (D:14)
  28 tarantellas
  Prince Ribbit (D:9)
  7 dream sheep (Lair:5)
  A blink frog (shapeshifter) (Depths:2)
  A snapping turtle (shapeshifter) (Vaults:2)
  31 blink frogs
  26 culicivoras
  24 slime creatures
  4 air elementals
  27 jumping spiders
  2 shadows
  A culicivora (shapeshifter) (D:13)
  A centaur simulacrum (D:15)
  28 spriggans
  A ynoxinul (WizLab)
  2 large abominations (Elf:1)
  62 yaks
  A human (shapeshifter) (Vaults:5)
  A vampire (D:13)
  10 fire elementals
  6 hogs (Lair:5)
  16 wyverns
  A wraith (D:11)
  3 chaos spawn
  16 vampire mosquitoes
  2 neqoxecs
  A steam dragon (D:8)
  52 redbacks
  A human simulacrum (Vaults:3)
  4 fire bats (Gauntlet)
  2 basilisks
  A death yak simulacrum (Lair:5)
  A warg (Orc:1)
  A warg (shapeshifter) (Zot:2)
  21 swamp worms
  A swamp worm (shapeshifter) (Vaults:5)
  3 acid dragons
  3 hell hounds (Elf:1)
  18 orc warriors
  2 floating eyes
  A floating eye (shapeshifter) (Depths:2)
  A small abomination (D:2)
  23 water moccasins
  4 black bears
  7 swamp drakes
  10 wolves
  23 ogres
  5 centaurs
  3 kobold brigands
  9 bullfrogs
  4 elf zombies (Elf:1)
  An earth elemental (Elf:2)
  A necrophage (Swamp:4)
  2 scorpions (D:5)
  4 gnoll sergeants
  23 wights
  3 killer bees (D:9)
  An elephant simulacrum (Lair:5)
  4 electric eels
  2 howler monkeys
  3 crimson imps (Gauntlet)
  3 jellies (Lair:4)
  4 hounds
  A gnoll bouda (D:3)
  9 orc priests
  14 orc wizards
  A boggart zombie (Gauntlet)
  3 iguanas
  A polar bear simulacrum (Lair:5)
  A wolf simulacrum (Lair:5)
  35 gnolls
  8 adders
  A shadow imp (D:5)
  3 white imps
  3 ufetubi
  A dart slug (D:2)
  A worm (D:4)
  53 orcs
  5 ball pythons
  A bat zombie (D:5)
  14 endoplasms
  3 giant cockroaches
  9 goblins
  9 hobgoblins
  6 jackals
  9 quokkas
  3 bats (D:2)
  3 frilled lizards
  A goblin skeleton (D:3)
  2 hobgoblin zombies (D:3)
  24 kobolds
  A kobold skeleton (D:3)
  2 kobold zombies (D:3)
  3 orc skeletons (D:3)
  2 orc zombies (D:3)
  7 rats
  2 rat zombies (D:5)
  A butterfly (Vaults:2)
  6 foxfires (Swamp:1)
2020 creatures vanquished.

Vanquished Creatures (collateral kills)
  An ancient lich (Zot:5)
  A quicksilver dragon (Vaults:5)
  A vault warden (Vaults:5)
  An emperor scorpion (Spider:4)
  A very ugly thing (Vaults:5)
  2 green draconians
  A minotaur (Gauntlet)
  A black draconian (Zot:2)
  A red draconian (Zot:4)
  An ettin (Zot:2)
  An entropy weaver (Spider:2)
  2 ice dragons (Zot:2)
  A radroach (Spider:4)
  A tengu warrior (D:15)
  A deep elf knight (Elf:3)
  A bog body (Swamp:4)
  A deep elf pyromancer (Elf:1)
  A wolf spider (Spider:2)
  A moth of wrath (Zot:2)
  3 tarantellas
  A yak (Lair:2)
  4 redbacks
  A swamp drake (Swamp:4)
  A bullfrog (Lair:2)
31 creatures vanquished.

Vanquished Creatures (others)
  A lich (D:2)
  A frost giant (Zot:2)
  A white draconian (Zot:2)
  An alligator (Swamp:3)
  An orange demon (D:2)
  A neqoxec (D:8)
  4 foxfires (Swamp:1)
10 creatures vanquished.

Grand Total: 2061 creatures vanquished

Notes
Turn   | Place    | Note
-------+----------+-------------------------------------------
     0 | D:1      | KimchiStew the Gargoyle Hunter began the quest for the Orb.
     0 | D:1      | Reached XP level 1. HP: 12/12 MP: 1/1
    48 | D:1      | You fall into a shaft and drop 1 floor!
   369 | D:1      | Reached XP level 2. HP: 18/18 MP: 2/2
   909 | D:2      | Reached XP level 3. HP: 23/23 MP: 3/3
  1378 | D:2      | Noticed an ogre
  1384 | D:2      | Killed an ogre
  1385 | D:2      | Reached skill level 1 in Throwing
  1385 | D:2      | Reached XP level 4. HP: 28/28 MP: 4/4
  1385 | D:2      | Reached XP level 5. HP: 32/32 MP: 5/5
  2069 | D:3      | Found a glowing golden altar of the Shining One.
  2169 | D:3      | Found a faded altar of an unknown god.
  2184 | D:3      | Reached XP level 6. HP: 37/37 MP: 6/6
  2607 | D:4      | Noticed a black bear
  3144 | D:3      | Reached skill level 1 in Short Blades
  3849 | D:4      | Found a shimmering altar of Xom.
  3851 | D:4      | Found a shimmering altar of Xom.
  4342 | D:4      | Found a shimmering altar of Xom.
  4342 | D:4      | Found a shimmering altar of Xom.
  4408 | D:4      | Reached XP level 7. HP: 30/42 MP: 7/7
  4570 | D:4      | Reached skill level 5 in Ranged Weapons
  4661 | D:4      | Found a blossoming altar of Fedhas.
  4902 | D:5      | Entered Level 5 of the Dungeon
  5147 | D:5      | Found a staircase to the Ecumenical Temple.
  5156 | Temple   | Entered the Ecumenical Temple
  5163 | Temple   | Became a worshipper of Cheibriados the Contemplative
  5184 | D:5      | Reached skill level 6 in Ranged Weapons
  5374 | D:5      | Reached XP level 8. HP: 48/48 MP: 8/8
  5397 | D:5      | Found a runed translucent gate.
  5397 | D:5      | Found a runed translucent gate.
  5397 | D:5      | Found a runed translucent gate.
  5398 | D:5      | Noticed DEFE's ghost (amateur TrSh)
  5399 | D:5      | Noticed semitonal's ghost (novice AtMo)
  5399 | D:5      | Noticed Notanamesir's ghost (novice OpSh)
  5399 | D:5      | Noticed NigelTetley's ghost (amateur DgHu)
  5519 | D:5      | Reached * piety under Cheibriados
  5613 | D:5      | Found a stormy altar of Qazlal.
  5784 | D:5      | Found an ancient bone altar of Kikubaaqudgha.
  5897 | D:5      | Reached skill level 5 in Stealth
  5906 | D:5      | Reached skill level 7 in Ranged Weapons
  6466 | D:5      | Reached skill level 5 in Fighting
  7319 | D:7      | Reached ** piety under Cheibriados
  7447 | D:7      | Reached skill level 1 in Invocations
  7574 | D:7      | Reached XP level 9. HP: 45/54 MP: 8/10
  7584 | D:7      | Reached skill level 8 in Ranged Weapons
  7980 | D:7      | Noticed Jeremiah
  8201 | D:7      | Identified the +2 cloak "Naofar" {-Cast +Inv Str+4 Stlth+}
  8229 | D:7      | Reached *** piety under Cheibriados
  8365 | D:7      | Found a hazy altar of Hepliaklqana.
  8805 | D:8      | Noticed a cyclops
  9328 | D:8      | Reached skill level 9 in Ranged Weapons
  9476 | D:8      | Noticed an orange demon
  9658 | D:8      | Found a glowing silver altar of Zin.
 10064 | D:8      | Found a transporter.
 10064 | D:8      | Found a transporter.
 10339 | D:9      | Noticed Maurice
 10367 | D:9      | Found a flagged portal.
 10393 | Bailey   | Entered a bailey
 10420 | D:9      | Reached skill level 1 in Axes
 10458 | D:9      | Reached **** piety under Cheibriados
 10485 | D:9      | Found an ornate altar of the Wu Jian Council.
 10510 | D:9      | Reached XP level 10. HP: 61/61 MP: 13/13
 10704 | D:9      | Noticed Erolcha
 10705 | D:9      | Identified the +0 leather armour of the Damp Slorg {rN+
                  | Dex-2 Stlth+}
 10711 | D:9      | Killed Erolcha
 10778 | D:9      | Found a staircase to the Orcish Mines.
 10789 | D:9      | Noticed Prince Ribbit
 10797 | D:9      | Killed Prince Ribbit
 11326 | D:9      | Killed Maurice
 11327 | D:9      | Reached skill level 5 in Axes
 11327 | D:9      | Reached skill level 5 in Invocations
 11680 | D:10     | Entered Level 10 of the Dungeon
 11816 | D:9      | Reached skill level 10 in Ranged Weapons
 12354 | D:10     | Reached XP level 11. HP: 52/68 MP: 15/15
 12500 | D:10     | Noticed a two-headed ogre
 12500 | D:10     | Noticed a two-headed ogre
 12539 | D:10     | Noticed a two-headed ogre
 12549 | D:10     | Killed a two-headed ogre
 12636 | D:10     | Killed a two-headed ogre
 13048 | D:10     | Reached ***** piety under Cheibriados
 13087 | D:10     | Reached skill level 10 in Fighting
 13337 | D:10     | Found a sparkling altar of Nemelex Xobeh.
 13338 | D:10     | Found an opulent altar of Gozag.
 13367 | D:10     | Found a staircase to the Lair.
 13431 | D:10     | Killed a two-headed ogre
 13574 | D:10     | Found an opulent altar of Gozag.
 13574 | D:10     | Found a sparkling altar of Nemelex Xobeh.
 13862 | Lair:1   | Entered Level 1 of the Lair of Beasts
 14032 | D:10     | Reached skill level 10 in Axes
 14555 | Lair:1   | Reached XP level 12. HP: 77/77 MP: 18/18
 15340 | Lair:2   | Found a staircase to the Swamp.
 15351 | Lair:2   | Reached skill level 1 in Armour
 15723 | Lair:2   | Noticed Harold
 15764 | Lair:2   | Killed Harold
 15935 | Lair:2   | Identified the +0 robe of Buunuor {rElec Dex+6}
 16051 | Lair:2   | Noticed a six-headed hydra
 16063 | Lair:2   | Killed a six-headed hydra
 16064 | Lair:2   | Reached skill level 11 in Ranged Weapons
 16289 | Lair:3   | Noticed a skyshark
 16533 | Lair:3   | Reached ****** piety under Cheibriados
 16591 | Lair:3   | Killed a skyshark
 16612 | Lair:3   | Reached XP level 13. HP: 82/82 MP: 20/20
 16622 | Lair:3   | Reached skill level 12 in Ranged Weapons
 16622 | Lair:3   | Reached skill level 5 in Armour
 17018 | Lair:3   | Found a hole to the Spider Nest.
 17027 | Lair:3   | Reached skill level 10 in Invocations
 17831 | Lair:4   | Reached skill level 13 in Ranged Weapons
 18574 | Lair:4   | Found a viscous altar of Jiyva.
 18574 | Lair:4   | Found a staircase to the Slime Pits.
 18724 | Lair:5   | Entered Level 5 of the Lair of Beasts
 18900 | Lair:5   | Noticed Kirke
 18920 | Lair:5   | Killed Kirke
 18921 | Lair:5   | Reached skill level 14 in Ranged Weapons
 18921 | Lair:5   | Gained mutation: Your large and strong wings let you fly.
                  | [Gargoyle growth]
 18921 | Lair:5   | Reached XP level 14. HP: 59/88 MP: 17/22
 18943 | Lair:5   | Found a frozen archway.
 18958 | IceCv    | Entered an ice cave
 19519 | IceCv    | Noticed a frost giant
 20153 | Lair:5   | Reached skill level 15 in Ranged Weapons
 21129 | Lair:5   | Found a runed translucent door.
 21706 | Lair:5   | Reached skill level 10 in Armour
 21716 | Lair:5   | Reached skill level 16 in Ranged Weapons
 22270 | Lair:5   | Reached XP level 15. HP: 92/92 MP: 24/24
 22494 | Orc:1    | Entered Level 1 of the Orcish Mines
 22665 | Orc:2    | Entered Level 2 of the Orcish Mines
 22979 | Orc:2    | Reached skill level 17 in Ranged Weapons
 23191 | Orc:2    | Found Rienac's Book Shoppe.
 23191 | Orc:2    | Found Quneysan's Book Boutique.
 23192 | Orc:2    | Found Kiud's Assorted Antiques.
 23192 | Orc:2    | Found Toferutz's General Store.
 23201 | Orc:2    | Bought a potion of curing for 39 gold pieces
 23202 | Orc:2    | Bought a scroll labelled XIGAKELATU for 24 gold pieces
 23202 | Orc:2    | Bought a translucent leather armour for 168 gold pieces
 23202 | Orc:2    | Identified the +1 leather armour "Qickacaz" {rC+ Str+5}
                  | (You bought it in a shop on level 2 of the Orcish Mines)
 23215 | Orc:2    | Bought a manual of Fighting for 1040 gold pieces
 23273 | Orc:2    | Found a staircase to the Elven Halls.
 24113 | D:11     | Found a gate leading to a gauntlet.
 24119 | Gauntlet | Entered a Gauntlet
 24119 | Gauntlet | Found a transporter.
 24119 | Gauntlet | Found a transporter.
 24124 | Gauntlet | Found a transporter.
 24139 | Gauntlet | Found a transporter.
 24157 | Gauntlet | Found a transporter.
 24169 | Gauntlet | Found a transporter.
 24171 | Gauntlet | Found a large runed translucent door.
 24171 | Gauntlet | Found a large runed translucent door.
 24172 | Gauntlet | Found a large runed translucent door.
 24172 | Gauntlet | Found a large runed translucent door.
 24173 | Gauntlet | Found a large runed translucent door.
 24173 | Gauntlet | Found a large runed translucent door.
 24173 | Gauntlet | Found a runed translucent door.
 24173 | Gauntlet | Found a runed translucent door.
 24173 | Gauntlet | Found a large runed translucent door.
 24174 | Gauntlet | Found a large runed translucent door.
 24181 | Gauntlet | Found a large runed translucent door.
 24181 | Gauntlet | Found a large runed translucent door.
 24182 | Gauntlet | Found a large runed translucent door.
 24182 | Gauntlet | Found a large runed translucent door.
 24183 | Gauntlet | Found a large runed translucent door.
 24183 | Gauntlet | Found a large runed translucent door.
 24184 | Gauntlet | Found a runed translucent gate.
 24184 | Gauntlet | Found a runed translucent gate.
 24184 | Gauntlet | Found a runed translucent gate.
 24186 | Gauntlet | Found a transporter.
 24252 | Gauntlet | Found a transporter.
 24267 | Gauntlet | Found a transporter.
 24281 | Gauntlet | Found a transporter.
 24294 | Gauntlet | Found a transporter.
 24310 | Gauntlet | Found a transporter.
 24310 | Gauntlet | Found the brooch of Shielding {Spirit SH+8}
 24377 | Gauntlet | Found a transporter.
 24389 | Gauntlet | Found a transporter.
 24393 | Gauntlet | Found a large runed translucent door.
 24394 | Gauntlet | Found a large runed translucent door.
 24421 | Gauntlet | Found a transporter.
 24431 | Gauntlet | Found a transporter.
 24520 | Gauntlet | Identified the +1 pair of gloves "Cousch" {rF++}
 24655 | Gauntlet | Got a glossy book
 25086 | D:11     | Noticed Erica
 25095 | D:11     | Killed Erica
 25840 | D:12     | Found a faded altar of an unknown god.
 25841 | D:12     | Found a hazy altar of Hepliaklqana.
 26415 | D:12     | Noticed Rupert
 26434 | D:12     | Killed Rupert
 27073 | D:13     | Reached XP level 16. HP: 88/101 MP: 22/25
 27127 | D:13     | Identified the +1 dagger of Hamouschedyc {flame, rElec}
 27176 | D:13     | Reached skill level 18 in Ranged Weapons
 27499 | D:13     | Found a gate to the Vaults.
 27933 | D:13     | Noticed Urug
 27940 | D:13     | Killed Urug
 28037 | D:14     | Reached skill level 5 in Dodging
 28174 | D:14     | Found an ornate altar of the Wu Jian Council.
 29035 | D:15     | Entered Level 15 of the Dungeon
 29156 | D:15     | Identified the +2 long sword "Testudineslayer" {elec, rF+
                  | Int+3 Dex-4}
 29306 | D:15     | Identified the +4 leather armour of Twilight {Fly Str+5}
 29384 | D:15     | Found a staircase to the Depths.
 29447 | D:15     | Identified the ring "Aluu" {rF+ rC+ Will- MP+9 Str+4}
 30381 | Spider:1 | Entered Level 1 of the Spider Nest
 30924 | Spider:1 | Reached skill level 19 in Ranged Weapons
 31638 | Spider:2 | Noticed Vorhees's ghost (adept KoHu)
 31638 | Spider:2 | Found a runed translucent gate.
 31638 | Spider:2 | Found a runed translucent gate.
 31638 | Spider:2 | Found a runed translucent gate.
 31995 | Spider:2 | Reached XP level 17. HP: 99/112 MP: 23/26
 32183 | Spider:2 | Reached skill level 15 in Fighting
 32558 | Spider:2 | Reached skill level 5 in Evocations
 33494 | Spider:3 | Reached skill level 20 in Ranged Weapons
 34017 | Spider:4 | Entered Level 4 of the Spider Nest
 34331 | Spider:4 | Noticed Louise
 34464 | Spider:4 | Reached skill level 1 in Maces & Flails
 34471 | Spider:4 | Killed Louise
 35282 | Spider:4 | Reached skill level 5 in Maces & Flails
 35582 | Spider:4 | Noticed Arachne
 35618 | Spider:4 | Killed Arachne
 35622 | Spider:4 | Reached XP level 18. HP: 33/119 MP: 2/27
 36432 | Spider:4 | Got a gossamer rune of Zot
 36685 | Swamp:1  | Entered Level 1 of the Swamp
 36961 | Swamp:1  | Found a transporter.
 36979 | Swamp:1  | Found a transporter.
 37039 | Swamp:1  | Identified the ring "Ahyg" {Will+ Dex+6}
 37046 | Swamp:1  | Identified the +2 pair of boots of Aqizus {rF+ Str+2}
 37182 | Swamp:1  | Got a black book
 37193 | Swamp:1  | Reached skill level 10 in Maces & Flails
 38177 | Swamp:2  | Noticed Aizul
 38188 | Swamp:2  | Killed Aizul
 38723 | Swamp:3  | Noticed eyesofgods1's ghost (adept DjCj)
 38724 | Swamp:3  | Found a runed translucent gate.
 38724 | Swamp:3  | Found a runed translucent gate.
 38724 | Swamp:3  | Found a runed translucent gate.
 38962 | Swamp:3  | Found a basalt altar of Yredelemnul.
 39148 | Swamp:4  | Entered Level 4 of the Swamp
 39357 | Swamp:4  | Reached XP level 19. HP: 83/124 MP: 19/28
 39485 | Swamp:4  | Noticed Bai Suzhen
 39511 | Swamp:4  | Killed Bai Suzhen
 39986 | Swamp:4  | Noticed the 27-headed Lernaean hydra
 40177 | Swamp:4  | Killed the 27-headed Lernaean hydra
 40272 | Swamp:4  | Got a decaying rune of Zot
 40636 | Vaults:1 | Entered Level 1 of the Vaults
 40856 | Vaults:1 | Reached skill level 1 in Staves
 40865 | Vaults:1 | Reached skill level 1 in Long Blades
 42025 | Vaults:1 | Reached skill level 1 in Shields
 42768 | Vaults:2 | Found a staircase to the Crypt.
 42768 | Vaults:2 | Found a basalt altar of Yredelemnul.
 42768 | Vaults:2 | Found an ancient bone altar of Kikubaaqudgha.
 42818 | Vaults:2 | Found a runed translucent door.
 42818 | Vaults:2 | Noticed Ciotsan's ghost (adept FeIE)
 43014 | Vaults:2 | Found a huge runed gate.
 43014 | Vaults:2 | Found a huge runed gate.
 43014 | Vaults:2 | Found a huge runed gate.
 43014 | Vaults:2 | Found a huge runed gate.
 43014 | Vaults:2 | Found a huge runed gate.
 43014 | Vaults:2 | Found a huge runed gate.
 43026 | Vaults:2 | Reached XP level 20. HP: 136/136 MP: 29/29
 43142 | Vaults:2 | Found a huge runed gate.
 43142 | Vaults:2 | Found a huge runed gate.
 43142 | Vaults:2 | Found a huge runed gate.
 43143 | Vaults:2 | Found a huge runed gate.
 43147 | Vaults:2 | Found a huge runed gate.
 43147 | Vaults:2 | Found a huge runed gate.
 43147 | Vaults:2 | Found a huge runed gate.
 43147 | Vaults:2 | Found a huge runed gate.
 43147 | Vaults:2 | Found a huge runed gate.
 43147 | Vaults:2 | Found a huge runed gate.
 43148 | Vaults:2 | Found a huge runed gate.
 43149 | Vaults:2 | Found a huge runed gate.
 43150 | Vaults:2 | Found a huge runed gate.
 43158 | Vaults:2 | Found a huge runed gate.
 43158 | Vaults:2 | Found a huge runed gate.
 43158 | Vaults:2 | Found a huge runed gate.
 43158 | Vaults:2 | Found a huge runed gate.
 43158 | Vaults:2 | Found a huge runed gate.
 43158 | Vaults:2 | Found a huge runed gate.
 43159 | Vaults:2 | Found a huge runed gate.
 43161 | Vaults:2 | Found a huge runed gate.
 43162 | Vaults:2 | Found a huge runed gate.
 43170 | Vaults:2 | Found a huge runed gate.
 43170 | Vaults:2 | Found a huge runed gate.
 43170 | Vaults:2 | Found a huge runed gate.
 43170 | Vaults:2 | Found a huge runed gate.
 43170 | Vaults:2 | Found a huge runed gate.
 43170 | Vaults:2 | Found a huge runed gate.
 43171 | Vaults:2 | Found a huge runed gate.
 43172 | Vaults:2 | Found a huge runed gate.
 44154 | Elf:1    | Entered Level 1 of the Elven Halls
 44171 | Elf:1    | Reached skill level 5 in Shields
 44289 | Elf:1    | Learned a level 2 spell: Passwall
 44295 | Elf:1    | Learned a level 5 spell: Borgnjor's Vile Clutch
 44490 | Elf:1    | Found a gateway to a bazaar.
 44542 | Bazaar   | Entered a bazaar
 44549 | Bazaar   | Found Somm's Jewellery Shop.
 44557 | Bazaar   | Bought the ring "Exzot" {Will+ SInv} for 331 gold pieces
 44576 | Bazaar   | Found Tofolea's Jewellery Boutique.
 44606 | Bazaar   | Found Jodghy's General Store.
 44614 | Bazaar   | Bought a scroll of teleportation for 36 gold pieces
 44614 | Bazaar   | Bought 2 scrolls of teleportation for 72 gold pieces
 44614 | Bazaar   | Bought a scroll of teleportation for 36 gold pieces
 44614 | Bazaar   | Bought a wand of roots (3) for 86 gold pieces
 44634 | Bazaar   | Found Nuli's Antique Weapon Boutique.
 44652 | Bazaar   | Found Wirodebb's Assorted Antiques.
 44662 | Bazaar   | Bought a scroll of fog for 72 gold pieces
 44662 | Bazaar   | Bought a scroll of enchant weapon for 135 gold pieces
 44662 | Bazaar   | Bought a glowing sapphire potion for 16 gold pieces
 44662 | Bazaar   | Bought a potion of heal wounds for 90 gold pieces
 44662 | Bazaar   | Bought a scroll of fog for 72 gold pieces
 44752 | Elf:1    | Noticed Azrael
 44763 | Elf:1    | Killed Azrael
 44819 | Elf:1    | Reached skill level 10 in Stealth
 44936 | Elf:1    | Reached skill level 21 in Ranged Weapons
 44973 | Elf:1    | Got a murmuring book
 45331 | Elf:2    | Found Myeny's General Store.
 45349 | Elf:2    | Bought a scroll of acquirement for 1040 gold pieces
 45349 | Elf:2    | Acquired 866 gold pieces
 45359 | Elf:2    | Paralysed by an air elemental for 1 turns
 45412 | Elf:2    | Found a magical portal.
 45440 | WizLab   | Entered The Hall of the Hellbinder
 45738 | WizLab   | Got a humming book
 45805 | WizLab   | Noticed Cishyech
 45811 | WizLab   | Killed Cishyech the Hellbinder
 46029 | WizLab   | Found a burning altar of Makhleb.
 46045 | WizLab   | Identified the ring "Leevvy" {Drain rF+ AC+4 Str+3}
 46314 | Elf:2    | Found a huge runed translucent gate.
 46314 | Elf:2    | Found a huge runed translucent gate.
 46314 | Elf:2    | Found a huge runed translucent gate.
 46314 | Elf:2    | Found a huge runed translucent gate.
 46316 | Elf:2    | Found a huge runed translucent gate.
 46388 | Elf:2    | Found a radiant altar of Vehumet.
 46390 | Elf:2    | Reached XP level 21. HP: 141/141 MP: 30/30
 47009 | Elf:2    | Reached skill level 22 in Ranged Weapons
 47308 | Elf:3    | Entered Level 3 of the Elven Halls
 47327 | Elf:3    | Noticed Asterion
 47334 | Elf:3    | Killed Asterion
 47640 | Elf:3    | Found a huge runed translucent gate.
 47640 | Elf:3    | Found a huge runed translucent gate.
 47640 | Elf:3    | Found a huge runed translucent gate.
 47640 | Elf:3    | Found a huge runed translucent gate.
 47641 | Elf:3    | Found a huge runed translucent gate.
 47641 | Elf:3    | Found a huge runed translucent gate.
 47641 | Elf:3    | Found a huge runed translucent gate.
 47642 | Elf:3    | Found a huge runed translucent gate.
 47645 | Elf:3    | Identified the +3 double sword of Duty {flame, rCorr}
 47723 | Elf:3    | Noticed Donald
 47728 | Elf:3    | Killed Donald
 48754 | Elf:3    | Identified the +3 ring mail "Kenucs" {rPois rC- rN+ Str+4}
 48820 | Elf:3    | Identified the +8 scimitar of Defilement {freeze, rN+++
                  | Will+ Int-3 Dex-5 SInv}
 48866 | Elf:3    | Identified the +6 flail "Evvach" {elec, rCorr}
 48872 | Elf:3    | Reached skill level 10 in Shields
 48925 | Elf:3    | Reached skill level 23 in Ranged Weapons
 48935 | Elf:3    | Identified the ring "Oracvusi" {Fire Int-3 Dex+4 Stlth+}
 48970 | Elf:3    | Identified the +1 orcbow "Daimyi" {flame, rPois rC+ Str+3
                  | Int+2}
 48971 | Elf:3    | Identified the +6 shortbow of Grandeur {speed, rC+ SInv}
 48989 | Elf:3    | Identified the +6 short sword "Ifri Apn" {freeze, rElec rF+
                  | Will++ Str+3}
 49049 | Elf:3    | Identified the staff "Sin Ath" {rElec rPois rF+ rN+ Dex-3
                  | Poison}
 49107 | Elf:3    | Got a yellowed book
 49229 | Elf:3    | Identified the +9 double sword of Qataraeck {flame, Str+3}
 50073 | Vaults:2 | Killed Ciotsan's ghost
 50275 | Vaults:2 | Identified the +5 dagger of Harmony {heavy, Dex+3}
 51060 | Vaults:4 | Reached XP level 22. HP: 147/147 MP: 31/31
 51898 | Vaults:4 | Reached skill level 24 in Ranged Weapons
 52379 | Vaults:5 | Entered Level 5 of the Vaults
 53023 | Vaults:5 | Identified the +1 morningstar of the Endless Expanse
                  | {chaos, Str+4 Int+2 Dex+3 Stlth+}
 53038 | Vaults:5 | Identified the +9 long sword of Beogh's Castigation {heavy,
                  | rPois rN+ Str+7 Int-4}
 53166 | Vaults:5 | Noticed a dread lich
 53177 | Vaults:5 | Killed a dread lich
 53189 | Vaults:5 | Reached skill level 25 in Ranged Weapons
 53294 | Vaults:5 | Got a silver rune of Zot
 53367 | Vaults:5 | Noticed a dread lich
 53373 | Vaults:5 | Gained mutation: You are clumsy. (Dex -2) [a cacodemon]
 53376 | Vaults:5 | Killed a dread lich
 53377 | Vaults:5 | Reached XP level 23. HP: 133/152 MP: 27/32
 53395 | Vaults:5 | Noticed a dread lich
 53402 | Vaults:5 | Identified the +5 halberd "Fugythu" {flame, rF+ Int+3}
 53405 | Vaults:5 | Killed a dread lich
 54254 | Vaults:5 | Reached skill level 26 in Ranged Weapons
 54277 | Vaults:5 | Identified the +0 scale mail of the Cockatrice {*Slow Fly
                  | rPois rF-}
 54816 | Depths:1 | Entered Level 1 of the Depths
 54892 | Depths:1 | Found a one-way gate leading to the halls of Pandemonium.
 54910 | Depths:1 | Found a gateway to Hell.
 54965 | Depths:1 | Found a runed translucent gate.
 54965 | Depths:1 | Found a runed translucent gate.
 54965 | Depths:1 | Found a runed translucent gate.
 55150 | Depths:1 | Found Rod Yres's Armour Emporium.
 55168 | Depths:1 | Found a one-way gate to the infinite horrors of the Abyss.
 55259 | Depths:1 | Found a sacrificial altar of Ru.
 55300 | Depths:1 | You are sucked into a shaft and drop 1 floor!
 55326 | Depths:2 | Reached skill level 15 in Shields
 55850 | Depths:2 | Found a one-way gateway to a ziggurat.
 55996 | Depths:2 | Noticed a caustic shrike
 56005 | Depths:2 | Killed a caustic shrike
 56180 | Depths:2 | Paralysed by a floating eye for 2 turns
 56183 | Depths:2 | Identified the +8 great sword "Kuxt" {drain, Will+}
 56187 | Depths:2 | Reached XP level 24. HP: 157/157 MP: 32/32
 56533 | Depths:2 | Identified the staff of the Turnip {Fragile rElec rPois
                  | rC++ Conj Poison}
 56534 | Depths:2 | Identified the staff "KimchiStew's Regret" {rPois Str+2
                  | Poison}
 56872 | Depths:3 | Reached skill level 27 in Ranged Weapons
 56879 | Depths:3 | Identified the +0 leather armour of the Dull Lion {Dex+4}
 57199 | Depths:3 | Reached skill level 1 in Earth Magic
 57242 | Depths:3 | Reached skill level 1 in Spellcasting
 57252 | Depths:3 | Reached skill level 1 in Transmutations
 57253 | Depths:3 | Found a runed translucent door.
 57261 | Depths:3 | Reached skill level 1 in Necromancy
 57335 | Depths:3 | Identified the ring "Burchoo" {rF+ Will- MP+9 Str+4}
 57441 | Depths:3 | Paralysed by a floating eye for 2 turns
 57446 | Depths:3 | Paralysed by a floating eye for 4 turns
 57655 | Depths:3 | Identified the +2 rapier of Doom {heavy, Fragile rElec
                  | rPois SInv}
 57911 | Depths:3 | Reached skill level 5 in Earth Magic
 57999 | Depths:4 | Entered Level 4 of the Depths
 58538 | Depths:4 | Found a gate to the Realm of Zot.
 58631 | Depths:4 | Reached XP level 25. HP: 163/163 MP: 32/32
 58804 | Depths:4 | Found a gateway to a bazaar.
 58853 | Bazaar   | Entered a bazaar
 58856 | Bazaar   | Found Zepupeaj's Armour Shop.
 58869 | Bazaar   | Found Jockol's Assorted Antiques.
 58874 | Bazaar   | Bought a scroll of fear for 112 gold pieces
 58874 | Bazaar   | Bought a scroll of teleportation for 84 gold pieces
 58874 | Bazaar   | Bought a scroll of summoning for 266 gold pieces
 58874 | Bazaar   | Bought a potion of heal wounds for 140 gold pieces
 58888 | Bazaar   | Found Xiudd's Book Boutique.
 58918 | Bazaar   | Found Zacsut's Distillery.
 58924 | Bazaar   | Bought a potion of resistance for 90 gold pieces
 58924 | Bazaar   | Bought a potion of mutation for 72 gold pieces
 58924 | Bazaar   | Bought a potion of resistance for 90 gold pieces
 58924 | Bazaar   | Bought a potion of mutation for 72 gold pieces
 58924 | Bazaar   | Bought a potion of cancellation for 72 gold pieces
 58924 | Bazaar   | Bought a potion of resistance for 90 gold pieces
 59121 | Zot:1    | Entered Level 1 of the Realm of Zot
 59449 | Zot:1    | Noticed an orb of fire
 59611 | Zot:1    | Gained mutation: Your spells are a little easier to cast,
                  | but a little less powerful. [an orb of fire]
 59615 | Zot:1    | Killed an orb of fire
 59935 | Zot:2    | Reached skill level 10 in Dodging
 59950 | Zot:2    | Noticed Grunn
 60743 | Zot:2    | Noticed an orb of fire
 60743 | Zot:2    | Gained mutation: Your magical capacity is low. (-10% MP)
                  | [an orb of fire]
 60751 | Zot:2    | Killed an orb of fire
 60774 | Zot:2    | Killed Grunn
 60793 | Zot:2    | Reached skill level 5 in Spellcasting
 60978 | Zot:2    | Reached skill level 10 in Earth Magic
 61336 | Zot:2    | Reached skill level 5 in Necromancy
 62007 | Zot:2    | Identified the +6 arbalest "Zumatuor" {drain, rN+++ Str-2
                  | Int-4 Stlth+}
 62053 | Zot:2    | Identified the staff of Superiority {rElec Stlth+ Air}
 62602 | Zot:4    | Found the +4 dragonskin cloak
 62602 | Zot:4    | Noticed Tiamat
 62635 | Zot:4    | Killed Tiamat
 62636 | Zot:4    | Reached XP level 26. HP: 117/168 MP: 6/29
 62784 | Zot:5    | Entered Level 5 of the Realm of Zot
 62786 | Zot:5    | Lost mutation: You are clumsy. (Dex -2) [potion of
                  | mutation]
 62786 | Zot:5    | Lost mutation: Your spells are a little easier to cast, but
                  | a little less powerful. [potion of mutation]
 62786 | Zot:5    | Gained mutation: You are robust. (+10% HP) [potion of
                  | mutation]
 62786 | Zot:5    | Gained mutation: Your muscles are strong. (Str +4, Int/Dex
                  | -1) [potion of mutation]
 62787 | Zot:5    | Lost mutation: Your muscles are strong. (Str +4, Int/Dex
                  | -1) [potion of mutation]
 62787 | Zot:5    | Lost mutation: You are robust. (+10% HP) [potion of
                  | mutation]
 62787 | Zot:5    | Lost mutation: Your magical capacity is low. (-10% MP)
                  | [potion of mutation]
 62787 | Zot:5    | Gained mutation: You have hidden genetic defects. [potion
                  | of mutation]
 62787 | Zot:5    | Gained mutation: You are dopey. (Int -2) [potion of
                  | mutation]
 62787 | Zot:5    | Gained mutation: You have a pair of small antennae on your
                  | head. [potion of mutation]
 62788 | Zot:5    | Lost mutation: You are dopey. (Int -2) [potion of mutation]
 62788 | Zot:5    | Lost mutation: You have a pair of small antennae on your
                  | head. [potion of mutation]
 62788 | Zot:5    | Lost mutation: You have hidden genetic defects. [potion of
                  | mutation]
 62788 | Zot:5    | Gained mutation: You have large cloven feet. [potion of
                  | mutation]
 63509 | Zot:5    | Noticed an orb of fire
 63510 | Zot:5    | Noticed a Killer Klown
 63511 | Zot:5    | Noticed an orb of fire
 63515 | Zot:5    | Noticed an orb of fire
 63518 | Zot:5    | Noticed a Killer Klown
 63519 | Zot:5    | Noticed a Killer Klown
 63523 | Zot:5    | Gained mutation: You are frail. (-10% HP) [an orb of fire]
 63523 | Zot:5    | Noticed a Killer Klown
 63525 | Zot:5    | Gained mutation: You are vulnerable to heat. (rF-) [an orb
                  | of fire]
 63526 | Zot:5    | Killed an orb of fire
 63527 | Zot:5    | Killed an orb of fire
 63527 | Zot:5    | Killed an orb of fire
 63527 | Zot:5    | Noticed a Killer Klown
 63528 | Zot:5    | Killed a Killer Klown
 63528 | Zot:5    | Killed a Killer Klown
 63530 | Zot:5    | Noticed an ancient lich
 63531 | Zot:5    | Killed a Killer Klown
 63534 | Zot:5    | Noticed a Killer Klown
 63535 | Zot:5    | Noticed a Killer Klown
 63537 | Zot:5    | Noticed a Killer Klown
 63539 | Zot:5    | Noticed an ancient lich
 63547 | Zot:5    | Killed a Killer Klown
 63553 | Zot:5    | Killed an ancient lich
 63556 | Zot:5    | Killed an ancient lich
 63557 | Zot:5    | Reached skill level 15 in Armour
 63574 | Zot:4    | Killed a Killer Klown
 63603 | Zot:4    | Lost mutation: You are vulnerable to heat. (rF-) [potion of
                  | mutation]
 63603 | Zot:4    | Lost mutation: You are frail. (-10% HP) [potion of
                  | mutation]
 63603 | Zot:4    | Lost mutation: You have large cloven feet. [potion of
                  | mutation]
 63603 | Zot:4    | Gained mutation: Your skin changes colour to match your
                  | surroundings (Stealth+). [potion of mutation]
 63603 | Zot:4    | Gained mutation: You are frail. (-10% HP) [potion of
                  | mutation]
 63603 | Zot:4    | Gained mutation: You have an increased reservoir of magic.
                  | (+10% MP) [potion of mutation]
 63805 | Zot:4    | Killed a Killer Klown
 63846 | Zot:4    | Killed a Killer Klown
 64031 | Zot:5    | Killed a Killer Klown
 64101 | Zot:5    | Noticed an orb of fire
 64107 | Zot:5    | Gained mutation: You are clumsy. (Dex -2) [an orb of fire]
 64108 | Zot:5    | Killed an orb of fire
 64599 | Zot:5    | Got the Orb of Zot
 64935 | D:8      | Gained mutation: Your spells are a little easier to cast,
                  | but a little less powerful. [a cacodemon]
 64938 | D:8      | Lost mutation: You are clumsy. (Dex -2) [potion of
                  | mutation]
 64938 | D:8      | Lost mutation: Your skin changes colour to match your
                  | surroundings (Stealth+). [potion of mutation]
 64938 | D:8      | Gained mutation: You occasionally lose the ability to read
                  | scrolls when taking damage. [potion of mutation]
 64938 | D:8      | Lost mutation: You have an increased reservoir of magic.
                  | (+10% MP) [potion of mutation]
 64939 | D:8      | Lost mutation: Your spells are a little easier to cast, but
                  | a little less powerful. [potion of mutation]
 64939 | D:8      | Lost mutation: You occasionally lose the ability to read
                  | scrolls when taking damage. [potion of mutation]
 64939 | D:8      | Gained mutation: Potions are less effective at restoring
                  | your health. [potion of mutation]
 64939 | D:8      | Gained mutation: You have a pair of small antennae on your
                  | head. [potion of mutation]
 64940 | D:8      | Lost mutation: Potions are less effective at restoring your
                  | health. [potion of mutation]
 64940 | D:8      | Lost mutation: You have a pair of small antennae on your
                  | head. [potion of mutation]
 64940 | D:8      | Lost mutation: You are frail. (-10% HP) [potion of
                  | mutation]
 64940 | D:8      | Gained mutation: You are strong-willed. (Will+) [potion of
                  | mutation]
 64940 | D:8      | Gained mutation: You are robust. (+10% HP) [potion of
                  | mutation]
 64971 | D:8      | Noticed Qotsam the pandemonium lord
 64981 | D:8      | Lost mutation: You are robust. (+10% HP) [a neqoxec]
 64981 | D:8      | Gained mutation: You sometimes lose your temper in combat.
                  | [a neqoxec]
 65104 | D:2      | Noticed Sinonul the pandemonium lord
 65114 | D:2      | Killed from afar by Sinonul the pandemonium lord

Illustrated notes

Levels and vault maps discovered:
D:1:      amcnicky_arrival_blooded_trapdoor, layout_loops_ring, chequers_garden,
          minmay_strange_pillars, minmay_small_reverse_x
D:2:      layout_loops_corners, kennysheep_another_room
D:3:      cheibrodos_helix_gallery, layout_rooms, nicolae_tso_besieged_by_evil,
          nicolae_ecumenical_lake_church, minivault_23
D:4:      layout_rooms, xom_redecorated, fedhas_altar_4
D:5:      layout_gridville, lemuel_round_altar,
          lemuel_zombie_altar_kikubaaqudgha, minmay_temple_entry_ruins,
          gammafunk_ghost_cemetery
D:6:      layout_cave_pools
D:7:      layout_loops_ring, nicolae_overflow_hidden_temple,
          hangedman_abyss_or_decor_stabs, minmay_misc_feat_more_columns,
          uniq_jeremiah
D:8:      gammafunk_beogh_shrine, layout_loops_corners,
          mainiacjoe_overflow_paths, minmay_nine_imps, uniq_amaemon
D:9:      layout_rooms, mainiacjoe_overflow_six_doors_small, orc_0_dummy,
          enter_bailey_7, kennysheep_crisscross, uniq_prince_ribbit1,
          uniq_erolcha, uniq_maurice
D:10:     layout_rooms, grunt_temple_overflow_opulence, lair_entry_dummy
D:11:     nzn_winding_woodlands_medium [nzn_winding_woodlands_5x5_open_star,
          nzn_winding_woodlands_5x15_sawtooth, nzn_winding_woodlands_5x5_three,
          nzn_winding_woodlands_5x5_checkerboard,
          nzn_winding_woodlands_center_triple_pond,
          nzn_winding_woodlands_5x5_default, nzn_winding_woodlands_5x5_cross,
          nzn_winding_woodlands_5x15_zeroes,
          nzn_winding_woodlands_5x5_perimeter], layout_basic,
          gauntlet_entry_generic, serial_glass, glass_columns_a,
          glass_columns_b, item_on_display_a, uniq_erica
D:12:     layout_loops_ring, beargit_hepliaklqana_dungeon_heroes, uniq_rupert
D:13:     layout_long_grid, skrybe_vaults_entry_preservation, uniq_urug
D:14:     layout_loops_ring, nicolae_wu_jian_wuxing_cycle,
          minmay_misc_feat_doors
D:15:     hangedman_depths_entry_civil_slaughter, layout_stronghold
Temple:   nicolae_temple_no_exploring_needed
Lair:1:   layout_long_grid, serial_bayou_shore_a
Lair:2:   layout_chaotic_city, swamp_mist_pool, infiniplex_staircase_pool,
          lemuel_fruit_fields, uniq_harold
Lair:3:   layout_concentric_octagons, spider_nest_entry_web_field,
          infiniplex_staircase_pool_2, lemuel_fruit_tree, lemuel_fruit_fields
Lair:4:   layout_gridlike, nicolae_slime_entry_slimehenge, minivault_19,
          ldierk_geyser, beast_lair_carwin_3, serial_bayou_shore_b,
          lemuel_fruit_fields
Lair:5:   wormcave, layout_gridlike, hangedman_lair_tendril_chambers,
          portal_ice_cave_entry_ice_simulacra, uniq_kirke
Swamp:1:  gammafunk_worm_tunnel, layout_falls_marsh, evilmike_swamp_ruin_house_1
Swamp:2:  layout_basic_swamp, hangedman_swamp_pad, swamp_pool5, uniq_aizul
Swamp:3:  layout_falls_marsh, gammafunk_ghost_hydra_chop, nicolae_swamp_godswood
Swamp:4:  grunt_swamp_rune_castle, layout_basic_swamp, uniq_bai_suzhen
Spider:1: layout_chambers
Spider:2: layout_cave_pods, gammafunk_ghost_split
Spider:3: layout_spider_delve
Spider:4: grunt_spider_rune_parallel, hellmonk_spider_spawner, uniq_arachne,
          uniq_louise
Orc:1:    layout_caves
Orc:2:    st_orc_ogre_mass, layout_caves
Elf:1:    elf_arrival_002, layout_geoelf_grid, serial_shops, bzr_entry_islet,
          minmay_elf_necromancy, uniq_azrael
Elf:2:    elven_hall_of_blades_hangedman_alternative
          [nooodl_blade_entry_preview], layout_gridlike, mu_enter_wizlab_6,
          serial_shops, nicolae_shop_just_a_little_nook, basic_altar
Elf:3:    minmay_elf_hall_golems, layout_geoelf_castle, grunt_ministairs_9,
          nicolae_elf_double_double_double_trouble, uniq_donald, uniq_asterion
Vaults:1: hangedman_vaults_capsules, v_misc_24,
          nicolae_vaults_doubleplus_tesselated, nicolae_vaults_network_star,
          nicolae_vaults_tetromino_L_2, nicolae_vaults_little_squares_6,
          layout_vaults_omnigrid
Vaults:2: gammafunk_ghost_grave, hangedman_vaults_stream,
          nicolae_vaults_trapezoid_2, not_door_vault_mu, vaults_room_door_ring,
          minmay_crypt_entry_necro_gods, ontoclasm_vaults_twist,
          nicolae_vaults_tetromino_T_2, v_misc_9, v_misc_3, v_misc_12,
          vaults_room_grunt_arrival_ludios, layout_vaults_big_room
Vaults:3: v_misc_1, nicolae_vaults_surprise_closet_hard, v_misc_24, v_misc_5,
          nicolae_vaults_tetromino_T_1, v_misc_18,
          nicolae_vaults_trapezoid_lopsided_3, vaults_room_door_ring,
          vaults_room_door_hall, ontoclasm_vaults_pinch, v_misc_8,
          nicolae_vaults_prndl, serial_ice_h, vaults_dpeg_ring,
          vaults_room_pools, v_misc_33, nicolae_vaults_little_squares_1,
          hangedman_vaults_slice, layout_vaults_big_cross
Vaults:4: v_pattern_5, ontoclasm_vaults_idyll, vaults_mumra_chevron_long,
          vaults_room_door_hall, nicolae_vaults_heart-shaped_vault,
          vaults_mumra_chevron, hangedman_vaults_snaps, v_misc_18,
          ontoclasm_vaults_spin, nicolae_vaults_little_ls,
          hangedman_vaults_corner_blocks, v_misc_15, nicolae_vaults_gold_heap,
          nicolae_vaults_cochlea, nicolae_vaults_little_squares_6,
          layout_vaults_maze_bifur
Vaults:5
Depths:1: layout_forbidden_donut, serial_shops, nicolae_shop_tiny_waterfront,
          nicolae_ru_the_path_less_chosen, abyss_entry, grunt_mini_vestibule,
          pan_entry, pandoras_box_mu
Depths:2: nicolae_fronds_of_death, layout_small_grid, enter_ziggurat_f,
          hell_entry, rand_demon_pan_entry_5,
          nicolae_abyss_entry_one_way_or_another, grunt_ministairs_1
Depths:3: minmay_the_grid_triangle_9x9_recursive_3_mashed
          [minmay_the_grid_triangle_9x9_flanged_cone,
          minmay_the_grid_triangle_9x9_windchime,
          minmay_the_grid_triangle_9x9_from_above,
          minmay_the_grid_triangle_9x9_prize_schism,
          minmay_the_grid_triangle_9x9_corrupted_corridor,
          minmay_the_grid_triangle_9x9_minimal,
          minmay_the_grid_triangle_9x9_skeleton,
          minmay_the_grid_triangle_9x9_subtriangle,
          minmay_the_grid_triangle_9x9_odd_lines], layout_twisted_cross,
          pf_coc_iceberg, abyss_entry
Depths:4: grunt_zot_entry_funnels, layout_cave_pools, moated_statue, hell_entry,
          rand_demon_pan_entry_4, serial_shops, statue_bzr
Zot:1:    layout_basic, hangedman_elemental_grid_stream
Zot:2:    hangedman_zot_vaults_quadrants, layout_onion_interference, uniq_grunn
Zot:3:    gammafunk_sealed_arena, layout_misc_corridors
Zot:4:    layout_concentric_octagons, uniq_tiamat
Zot:5:    layout_gridville, skrybe_zot_glass_1

Skill      XL: |  1  2  3  4  5  6  7  8  9 10 11 12 13 14 15 16 17 18 19 20 21 22 23 24 25 26 |
---------------+-------------------------------------------------------------------------------+-----
Fighting       | 3 4 5 6 8 10 12 14 15 18 | 18.0
Stealth        | 2 4 5 7 8 10 | 10.0
Throwing       | 1 2 3 |  3.0
Evocations     | 2 3 4 5 |  5.0
Short Blades   | 1 |  1.0
Ranged Weapons | 6 7 9 10 11 14 16 17 19 20 21 23 25 26 27 | 27.0
Invocations    | 1 4 5 8 9 11 12 | 12.0
Axes           | 2 7 11 12 | 12.0
Armour         | 4 7 10 12 14 15 | 15.7
Dodging        | 4 6 9 10 12 | 12.1
Maces & Flails | 7 13 | 13.9
Staves         | 2 |  2.9
Long Blades    | 2 |  2.5
Shields        | 3 7 11 13 15 17 18 | 18.0
Earth Magic    | 7 11 12 | 12.0
Spellcasting   | 3 6 8 |  8.9
Transmutations | 3 4 |  4.0
Necromancy     | 3 5 8 |  8.0

Action                     |  1- 3 |  4- 6 |  7- 9 | 10-12 | 13-15 | 16-18 | 19-21 | 22-24 | 25-27 || total
---------------------------+-------+-------+-------+-------+-------+-------+-------+-------+-------++-------
  Melee: Short sword       |       |   198 |   117 |       |       |       |       |       |       ||   315
         Punch             |       |     1 |     1 |     6 |     3 |     3 |     1 |       |       ||    15
         Flail             |       |       |    21 |   169 |       |       |       |       |       ||   190
         Dagger            |       |       |     6 |       |       |       |       |       |       ||     6
         War axe           |       |       |       |    39 |   274 |   231 |       |       |       ||   544
         Dire flail        |       |       |       |       |    85 |   285 |    71 |       |       ||   441
         Shortbow          |       |       |       |       |     1 |       |       |       |       ||     1
         Eveningstar       |       |       |       |       |       |    53 |    76 |   596 |   327 ||  1052
         Unarmed           |       |       |       |       |       |       |       |       |     5 ||     5
   Fire: Shortbow          |   113 |   181 |   292 |   358 |   665 |       |       |       |       ||  1609
         Orcbow            |       |       |     4 |   124 |   224 |  1162 |   234 |       |       ||  1748
         Hand cannon       |       |       |       |       |       |       |   967 |  1007 |   519 ||  2493
  Throw: Dart              |       |       |    12 |     2 |       |     9 |       |       |       ||    23
         Throwing net      |       |       |     1 |       |     1 |       |       |       |       ||     2
 Invoke: Slouch            |       |       |       |       |    10 |    17 |    15 |    12 |    12 ||    66
         Step From Time    |       |       |       |       |     3 |       |       |       |     2 ||     5
         Temporal Distorti |       |       |       |       |     2 |     1 |       |     3 |     1 ||     7
  Evoke: Wand              |     1 |     6 |    38 |    10 |     5 |       |     2 |     2 |     9 ||    73
         Phantom mirror    |       |       |       |       |     1 |     3 |     2 |     2 |     3 ||    11
         Phial of floods   |       |       |       |       |     1 |     3 |     1 |     1 |     1 ||     7
         Sack of spiders   |       |       |       |       |       |       |       |       |     3 ||     3
    Use: Scroll            |       |     8 |    10 |     6 |    17 |     4 |    12 |     6 |    27 ||    90
         Potion            |       |       |     1 |     3 |    18 |     3 |     2 |     6 |    24 ||    57
   Stab: Sleeping          |       |       |     1 |       |     1 |     3 |       |       |       ||     5
         Held in net/web   |       |       |     1 |       |     1 |       |       |       |     1 ||     3
         Distracted        |       |       |       |     1 |       |     3 |       |     3 |       ||     7
 Armour: Leather armour    |    27 |   231 |   213 |       |   155 |   559 |   291 |   504 |   336 ||  2316
         Ring mail         |       |       |     9 |       |       |       |       |       |       ||     9
         Acid dragon scale |       |       |       |   273 |       |       |       |       |       ||   273
         Robe              |       |       |       |    38 |   323 |       |       |       |       ||   361
         Skin              |       |       |       |       |       |       |       |       |     5 ||     5
  Dodge: Dodged            |    37 |   213 |   206 |   399 |   630 |  1086 |   447 |   573 |   352 ||  3943
  Block: Other             |       |       |       |       |    19 |   407 |    71 |       |     7 ||   504
         Kite shield       |       |       |       |       |       |       |   125 |       |       ||   125
         Tower shield      |       |       |       |       |       |       |   443 |  1768 |  1028 ||  3239

Table legend: (Time is in decaauts)
 A = Elapsed time spent in this place.
 B = Non-inter-level travel time spent in this place.
 C = Inter-level travel time spent in this place.
 D = Time resting spent in this place.
 E = Time spent auto-exploring this place.
 F = Levels seen in this place.
 G = Mean time per level.
                   A        B        C        D        E       F      G
               +--------+--------+--------+--------+--------+-----+--------+
         Total |  92805 |  86294 |   6511 |  17812 |  48313 |  54 | 1718.6 |
       Dungeon |  27728 |  24630 |   3098 |   5932 |  13441 |  15 | 1848.5 |
        Temple |    142 |    142 |      0 |    102 |      0 |   1 |  142.0 |
          Lair |  11421 |  10547 |    874 |   2138 |   5860 |   5 | 2284.2 |
         Swamp |   5002 |   4844 |    158 |   1103 |   2543 |   4 | 1250.5 |
   Spider Nest |   9013 |   8663 |    350 |   1979 |   4525 |   4 | 2253.2 |
  Orcish Mines |   2213 |   2021 |    192 |    588 |   1171 |   2 | 1106.5 |
   Elven Halls |   6836 |   6337 |    499 |    947 |   4105 |   3 | 2278.7 |
        Vaults |  13324 |  12612 |    712 |   1334 |   8654 |   5 | 2664.8 |
        Depths |   6924 |   6601 |    323 |    759 |   4404 |   4 | 1731.0 |
           Zot |   7171 |   6870 |    301 |   2146 |   2649 |   5 | 1434.2 |
        Bazaar |    469 |    469 |      0 |     54 |    156 |   2 |  234.5 |
        Bailey |      7 |      7 |      0 |      0 |      0 |   1 |    7.0 |
      Ice Cave |    761 |    761 |      0 |    347 |     64 |   1 |  761.0 |
        Wizlab |    892 |    892 |      0 |    379 |    180 |   1 |  892.0 |
      Gauntlet |    894 |    894 |      0 |      0 |    557 |   1 |  894.0 |
               +--------+--------+--------+--------+--------+-----+--------+

Top non-repeatable levels by time:
  Lair:5: 3979 daAuts
    D:10: 3348 daAuts
Vaults:5: 3269 daAuts
     D:8: 3050 daAuts
Vaults:1: 2970 daAuts
   Elf:3: 2928 daAuts
   Zot:2: 2905 daAuts
Vaults:2: 2774 daAuts
Spider:4: 2629 daAuts
    D:13: 2462 daAuts
  Lair:3: 2241 daAuts
Spider:3: 2238 daAuts
Spider:1: 2210 daAuts
Vaults:4: 2187 daAuts
    D:11: 2156 daAuts
